TOP OF THE 1ST |
Pocatello Bellas batting - Pitching for Nashville G-Strings : LHP Bill Moore
|
Pitching: LHP Bill Moore
|
|
Batting: RHB Lonnie Anderson
|
0-0: Ball 1-0: Called Strike 1-1: Ball 2-1: Fly out, F8 (Flyball, 8RS)
|
Batting: LHB Keith Beard
|
0-0: SINGLE (Line Drive, 34)
|
Batting: RHB Buck Jones
|
0-0: Ball 1-0: Ball Keith Beard steals 2nd base 2-0: Reached on error, E3 (Groundball, 34) Keith Beard to third
|
Batting: SHB Shane Hutchinson
|
0-0: Ball 1-0: Ball 2-0: Called Strike 2-1: Ball 3-1: Called Strike 3-2: Foul Ball, location: 2F 3-2: Foul Ball, location: 2F 3-2: Foul Ball, location: 2F 3-2: Fielders Choice at 2nd, 4-6 (Groundball, 4) Keith Beard scores
|
Batting: RHB António Ortega
|
0-0: SINGLE (Flyball, 78M) Shane Hutchinson to second
|
Batting: LHB Roberto García
|
0-0: Swinging Strike 0-1: Ball Wild Pitch! Shane Hutchinson to third António Ortega to second 1-1: Ball 2-1: Foul Ball, location: 2F 2-2: Fly out, F5 (Line Drive, 5S)
|
Top of the 1st over - 1 run, 2 hits, 1 error, 2 left on base; Pocatello 1 - Nashville 0 |
BOTTOM OF THE 1ST |
Nashville G-Strings batting - Pitching for Pocatello Bellas : LHP Hong-ryul Yun
|
Pitching: LHP Hong-ryul Yun
|
|
Batting: RHB Eric Thompson
|
0-0: Foul Ball, location: 2F 0-1: Ball 1-1: Called Strike 1-2: Foul Ball, location: 2F 1-2: Ball 2-2: Foul Ball, location: 2F 2-2: Ground out 4-3 (Groundball, 4)
|
Batting: RHB Jesús Cabrera
|
0-0: Called Strike 0-1: Ball 1-1: Foul Ball, location: 2F 1-2: Ball 2-2: Ground out 6-3 (Groundball, 6)
|
Batting: RHB Sergio Márquez
|
0-0: Ball 1-0: Ball 2-0: Foul Ball, location: 2F 2-1: Swinging Strike 2-2: Ball 3-2: Base on Balls
|
Batting: LHB Miguel Rivería
|
0-0: Ball 1-0: Called Strike 1-1: Called Strike 1-2: Ball 2-2: Strikes out looking
|
Bottom of the 1st over - 0 runs, 0 hits, 0 errors, 1 left on base; Pocatello 1 - Nashville 0 |
TOP OF THE 2ND |
Pocatello Bellas batting - Pitching for Nashville G-Strings : LHP Bill Moore
|
Batting: RHB Júlio Figueroa
|
0-0: Ball 1-0: Ball 2-0: Foul Ball, location: 2F 2-1: DOUBLE (Line Drive, 78D)
|
Batting: RHB Francisco Ibarra
|
0-0: Called Strike 0-1: Ball 1-1: Ball 2-1: Fly out, F9 (Flyball, 89S)
|
Batting: RHB Javier Deleón
|
0-0: Swinging Strike 0-1: Ball 1-1: Ball 2-1: Called Strike 2-2: Foul Ball, location: 2F 2-2: Foul Ball, location: 2F 2-2: Ground out 3-1 (Groundball, 34S) Júlio Figueroa to third
|
Batting: RHB Lonnie Anderson
|
0-0: Called Strike 0-1: DOUBLE (Line Drive, 89XD) Júlio Figueroa scores
|
Batting: LHB Keith Beard
|
0-0: Ball 1-0: SINGLE (Line Drive, 6M) Lonnie Anderson to third
|
Batting: RHB Buck Jones
|
0-0: Fly out, F8 (Flyball, 8RM)
|
Top of the 2nd over - 1 run, 3 hits, 0 errors, 2 left on base; Pocatello 2 - Nashville 0 |
BOTTOM OF THE 2ND |
Nashville G-Strings batting - Pitching for Pocatello Bellas : LHP Hong-ryul Yun
|
Batting: SHB Jorge Flores
|
0-0: Ball 1-0: Called Strike 1-1: Swinging Strike 1-2: Ground out 5-3 (Groundball, 56)
|
Batting: SHB Rob Grun
|
0-0: Ball 1-0: Ball 2-0: Ball 3-0: Foul Ball, location: 2F 3-1: SOLO HOME RUN (Flyball, 7D), Distance : 364 ft
|
Batting: RHB Vicente Aguirre
|
0-0: Foul Ball, location: 2F 0-1: Ball 1-1: Swinging Strike 1-2: Foul Ball, location: 2F 1-2: Strikes out swinging
|
Batting: LHB Ramón Morales
|
0-0: Ball 1-0: Ball 2-0: Called Strike 2-1: Ball 3-1: Base on Balls
|
Batting: LHB Robinson Fernández
|
0-0: Ball 1-0: Called Strike 1-1: Foul Ball, location: 2F 1-2: Ball 2-2: Strikes out swinging
|
Bottom of the 2nd over - 1 run, 1 hit, 0 errors, 1 left on base; Pocatello 2 - Nashville 1 |
TOP OF THE 3RD |
Pocatello Bellas batting - Pitching for Nashville G-Strings : LHP Bill Moore
|
Batting: SHB Shane Hutchinson
|
0-0: Called Strike 0-1: Called Strike 0-2: Ball 1-2: SINGLE (Flyball, 9S)
|
Batting: RHB António Ortega
|
0-0: Fly out, F8 (Flyball, 8LS)
|
Batting: LHB Roberto García
|
0-0: Ball 1-0: SINGLE (Groundball, 34S) (infield hit) Shane Hutchinson to second
|
Batting: RHB Júlio Figueroa
|
0-0: Ball 1-0: Called Strike 1-1: Swinging Strike 1-2: Ball 2-2: Ball 3-2: Ground out 5-3 (Groundball, 56S) Shane Hutchinson to third Roberto García to second
|
Batting: RHB Francisco Ibarra
|
0-0: Ball 1-0: Foul Ball, location: 2F 1-1: Ball 2-1: Foul Ball, location: 2F 2-2: Foul Ball, location: 2F 2-2: Ball 3-2: Foul Ball, location: 2F 3-2: Foul Ball, location: 2F 3-2: DOUBLE (Groundball, 5L) Shane Hutchinson scores Roberto García scores
|
Batting: RHB Javier Deleón
|
0-0: Called Strike 0-1: Ball 1-1: Foul Ball, location: 2F 1-2: Foul Ball, location: 2F 1-2: Strikes out swinging
|
Top of the 3rd over - 2 runs, 3 hits, 0 errors, 1 left on base; Pocatello 4 - Nashville 1 |
BOTTOM OF THE 3RD |
Nashville G-Strings batting - Pitching for Pocatello Bellas : LHP Hong-ryul Yun
|
Batting: RHB Eric Thompson
|
0-0: Ground out 1-3 (Groundball, 15)
|
Batting: RHB Jesús Cabrera
|
0-0: Ball 1-0: Called Strike 1-1: Ball 2-1: Ball 3-1: SINGLE (Line Drive, 4M)
|
Batting: RHB Sergio Márquez
|
0-0: Called Strike 0-1: Ball 1-1: Swinging Strike 1-2: Fly out, F3 (Popup, 34S)
|
Batting: LHB Miguel Rivería
|
0-0: Called Strike 0-1: Swinging Strike 0-2: Ball 1-2: Fly out, F8 (Flyball, 8RD)
|
Bottom of the 3rd over - 0 runs, 1 hit, 0 errors, 1 left on base; Pocatello 4 - Nashville 1 |
TOP OF THE 4TH |
Pocatello Bellas batting - Pitching for Nashville G-Strings : LHP Bill Moore
|
Batting: RHB Lonnie Anderson
|
0-0: SINGLE (Flyball, 9S)
|
Batting: LHB Keith Beard
|
0-0: Called Strike 0-1: Ball 1-1: SINGLE (Line Drive, 89S) Lonnie Anderson to second
|
Batting: RHB Buck Jones
|
0-0: Ball 1-0: Ball 2-0: Swinging Strike 2-1: Called Strike 2-2: Grounds into double play, 6-4-3 (Groundball, 56) Lonnie Anderson to third
|
Batting: SHB Shane Hutchinson
|
0-0: Ball 1-0: SINGLE (Line Drive, 6MD) Lonnie Anderson scores
|
Batting: RHB António Ortega
|
0-0: Called Strike 0-1: Called Strike 0-2: Fly out, F3 (Popup, 3SF)
|
Top of the 4th over - 1 run, 3 hits, 0 errors, 1 left on base; Pocatello 5 - Nashville 1 |
BOTTOM OF THE 4TH |
Nashville G-Strings batting - Pitching for Pocatello Bellas : LHP Hong-ryul Yun
|
Batting: SHB Jorge Flores
|
0-0: Foul Ball, location: 2F 0-1: Ball 1-1: Foul Ball, location: 2F 1-2: Foul Ball, location: 2F 1-2: Foul Ball, location: 2F 1-2: Foul Ball, location: 2F 1-2: Ball 2-2: Ball 3-2: Strikes out swinging
|
Batting: SHB Rob Grun
|
0-0: Ball 1-0: Ground out 6-3 (Groundball, 6)
|
Batting: RHB Vicente Aguirre
|
0-0: Ball 1-0: Fly out, F4 (Popup, 4)
|
Bottom of the 4th over - 0 runs, 0 hits, 0 errors, 0 left on base; Pocatello 5 - Nashville 1 |
TOP OF THE 5TH |
Pocatello Bellas batting - Pitching for Nashville G-Strings : LHP Bill Moore
|
Batting: LHB Roberto García
|
0-0: Ground out 4-3 (Groundball, 4)
|
Batting: RHB Júlio Figueroa
|
0-0: Ball 1-0: Ball 2-0: Swinging Strike 2-1: Ball 3-1: Called Strike 3-2: SINGLE (Groundball, 6MD)
|
Batting: RHB Francisco Ibarra
|
0-0: Called Strike 0-1: Swinging Strike 0-2: Grounds into double play, 4-6-3 (Groundball, 4)
|
Top of the 5th over - 0 runs, 1 hit, 0 errors, 0 left on base; Pocatello 5 - Nashville 1 |
BOTTOM OF THE 5TH |
Nashville G-Strings batting - Pitching for Pocatello Bellas : LHP Hong-ryul Yun
|
Batting: LHB Ramón Morales
|
0-0: Swinging Strike 0-1: Ball 1-1: Called Strike 1-2: Foul Ball, location: 2F 1-2: Foul Ball, location: 2F 1-2: Ball 2-2: Foul Ball, location: 2F 2-2: Foul Ball, location: 2F 2-2: Foul Ball, location: 2F 2-2: Foul Ball, location: 2F 2-2: Ball 3-2: Foul Ball, location: 2F 3-2: SINGLE (Line Drive, 56)
|
Batting: LHB Robinson Fernández
|
0-0: Ball 1-0: Swinging Strike 1-1: Ball 2-1: Swinging Strike 2-2: Foul Ball, location: 2F 2-2: Strikes out swinging
|
Batting: RHB Eric Thompson
|
0-0: Ball 1-0: SINGLE (Line Drive, 9S) Ramón Morales to second
|
Batting: RHB Jesús Cabrera
|
0-0: Foul Ball, location: 2F 0-1: DOUBLE (Groundball, 5L) Ramón Morales scores Eric Thompson to third
|
Batting: RHB Sergio Márquez
|
0-0: Called Strike 0-1: Called Strike 0-2: Ball 1-2: Fly out, F7 (Line Drive, 7) Runner from 3rd tags up, SCORES, no throw
|
Batting: LHB Miguel Rivería
|
0-0: Called Strike 0-1: Called Strike 0-2: Strikes out looking
|
Bottom of the 5th over - 2 runs, 3 hits, 0 errors, 1 left on base; Pocatello 5 - Nashville 3 |
TOP OF THE 6TH |
Pocatello Bellas batting - Pitching for Nashville G-Strings : LHP Bill Moore
|
Pitching: RHP Mario Machado
|
|
Batting: RHB Javier Deleón
|
0-0: Ball 1-0: Called Strike 1-1: SINGLE (Flyball, 8LS)
|
Batting: RHB Lonnie Anderson
|
0-0: Called Strike 0-1: Foul Ball, location: 2F 0-2: Ball 1-2: Fly out, F8 (Flyball, 8RXD)
|
Batting: LHB Keith Beard
|
0-0: Foul Ball, location: 2F 0-1: Foul Ball, location: 2F 0-2: Ball 1-2: Foul Ball, location: 2F 1-2: Ball 2-2: Foul Ball, location: 2F 2-2: Foul Ball, location: 2F 2-2: DOUBLE (Line Drive, 9) Javier Deleón to third Runner from 3rd tries for Home, SAFE, no throw
|
Batting: RHB Buck Jones
|
0-0: Called Strike 0-1: Swinging Strike 0-2: Ball 1-2: Fly out, F9 (Line Drive, 9D) Runner from 2nd tags up, SAFE at 3rd, no throw
|
Batting: SHB Shane Hutchinson
|
0-0: Called Strike 0-1: Called Strike 0-2: Ball 1-2: Ground out 4-3 (Groundball, 4)
|
Top of the 6th over - 1 run, 2 hits, 0 errors, 1 left on base; Pocatello 6 - Nashville 3 |
BOTTOM OF THE 6TH |
Nashville G-Strings batting - Pitching for Pocatello Bellas : LHP Hong-ryul Yun
|
Batting: SHB Jorge Flores
|
0-0: Called Strike 0-1: Ball 1-1: Foul Ball, location: 2F 1-2: Strikes out swinging, 2-3 out at first.
|
Batting: SHB Rob Grun
|
0-0: Swinging Strike 0-1: Called Strike 0-2: Ball 1-2: Strikes out swinging
|
Batting: RHB Vicente Aguirre
|
0-0: Ball 1-0: Ball 2-0: Ball 3-0: Called Strike 3-1: Foul Ball, location: 2F 3-2: Base on Balls
|
Batting: LHB Ramón Morales
|
0-0: Foul Ball, location: 2F 0-1: Ball 1-1: Swinging Strike 1-2: Strikes out looking
|
Bottom of the 6th over - 0 runs, 0 hits, 0 errors, 1 left on base; Pocatello 6 - Nashville 3 |
TOP OF THE 7TH |
Pocatello Bellas batting - Pitching for Nashville G-Strings : RHP Mario Machado
|
Batting: RHB António Ortega
|
0-0: Ball 1-0: Called Strike 1-1: Swinging Strike 1-2: Strikes out looking
|
Batting: LHB Roberto García
|
0-0: Ball 1-0: Ball 2-0: Called Strike 2-1: Foul Ball, location: 2F 2-2: Strikes out swinging
|
Batting: RHB Júlio Figueroa
|
0-0: Called Strike 0-1: Ball 1-1: Ball 2-1: Ground out 6-3 (Groundball, 6)
|
Top of the 7th over - 0 runs, 0 hits, 0 errors, 0 left on base; Pocatello 6 - Nashville 3 |
BOTTOM OF THE 7TH |
Nashville G-Strings batting - Pitching for Pocatello Bellas : LHP Hong-ryul Yun
|
Batting: LHB Robinson Fernández
|
0-0: Ball 1-0: Foul Ball, location: 2F 1-1: Ball 2-1: Foul Ball, location: 2F 2-2: Ground out 6-3 (Groundball, 6)
|
Batting: RHB Eric Thompson
|
0-0: Foul Ball, location: 2F 0-1: SINGLE (Groundball, 34D)
|
Pitching: RHP Adrián Martínez
|
|
Batting: RHB Jesús Cabrera
|
0-0: Foul Ball, location: 2F 0-1: Swinging Strike 0-2: Strikes out swinging
|
Batting: RHB Sergio Márquez
|
0-0: Ball 1-0: Ball 2-0: Fielders Choice at 2nd, 6-4 (Groundball, 6)
|
Bottom of the 7th over - 0 runs, 1 hit, 0 errors, 1 left on base; Pocatello 6 - Nashville 3 |
TOP OF THE 8TH |
Pocatello Bellas batting - Pitching for Nashville G-Strings : RHP Mario Machado
|
Batting: RHB Francisco Ibarra
|
0-0: Ball 1-0: DOUBLE (Groundball, 3L)
|
Batting: RHB Javier Deleón
|
0-0: Called Strike 0-1: Called Strike 0-2: Ground out 5-3 (Groundball, 56S) Francisco Ibarra to third
|
Pitching: RHP Johnathan Phillips
|
|
Batting: RHB Lonnie Anderson
|
0-0: Ball 1-0: Called Strike 1-1: Ball Wild Pitch! Francisco Ibarra scores 2-1: Ground out 5-3 (Groundball, 5)
|
Batting: LHB Keith Beard
|
0-0: Ball 1-0: Ball 2-0: Ball 3-0: Called Strike 3-1: Foul Ball, location: 2F 3-2: Base on Balls
|
Batting: RHB Buck Jones
|
0-0: Ball 1-0: Ball 2-0: Foul Ball, location: 2F 2-1: Called Strike 2-2: Foul Ball, location: 2F 2-2: Ball 3-2: Fly out, F8 (Flyball, 8LM)
|
Top of the 8th over - 1 run, 1 hit, 0 errors, 1 left on base; Pocatello 7 - Nashville 3 |
BOTTOM OF THE 8TH |
Nashville G-Strings batting - Pitching for Pocatello Bellas : RHP Adrián Martínez
|
Batting: LHB Miguel Rivería
|
0-0: Ball 1-0: Fly out, F9 (Flyball, 9LDF)
|
Batting: SHB Jorge Flores
|
0-0: Foul Ball, location: 2F 0-1: Called Strike 0-2: SINGLE (Groundball, 56D)
|
Batting: SHB Rob Grun
|
0-0: Fly out, F8 (Flyball, 8LD)
|
Batting: RHB Vicente Aguirre
|
0-0: Called Strike 0-1: Ball 1-1: Ball 2-1: DOUBLE (Line Drive, 9LD) Jorge Flores to third
|
Batting: LHB Ramón Morales
|
0-0: Ball 1-0: SINGLE (Flyball, 9LS) Jorge Flores scores Vicente Aguirre to third Runner from 3rd tries for Home, SAFE, throw made home Ramón Morales to second
|
Batting: LHB Robinson Fernández
|
0-0: Ball 1-0: Ball 2-0: Fly out, F4 (Line Drive, 4)
|
Bottom of the 8th over - 2 runs, 3 hits, 0 errors, 1 left on base; Pocatello 7 - Nashville 5 |
TOP OF THE 9TH |
Pocatello Bellas batting - Pitching for Nashville G-Strings : RHP Johnathan Phillips
|
Pitching: RHP Kimitada Takai
|
|
Batting: SHB Shane Hutchinson
|
0-0: Ball 1-0: Called Strike 1-1: Foul Ball, location: 2F 1-2: Fly out, F5 (Line Drive, 5L)
|
Batting: RHB António Ortega
|
0-0: Foul Ball, location: 2F 0-1: Ball 1-1: Ball 2-1: Called Strike 2-2: Fly out, F8 (Flyball, 89M)
|
Batting: LHB Roberto García
|
0-0: Ball 1-0: Swinging Strike 1-1: Foul Ball, location: 2F 1-2: Ground out 5-3 (Groundball, 56)
|
Top of the 9th over - 0 runs, 0 hits, 0 errors, 0 left on base; Pocatello 7 - Nashville 5 |
BOTTOM OF THE 9TH |
Nashville G-Strings batting - Pitching for Pocatello Bellas : RHP Adrián Martínez
|
Pitching: LHP Gerald Johnson
|
|
Batting: RHB Eric Thompson
|
0-0: Foul Ball, location: 2F 0-1: Ball 1-1: Ground out 4-3 (Groundball, 4M)
|
Batting: RHB Jesús Cabrera
|
0-0: Called Strike 0-1: Foul Ball, location: 2F 0-2: Strikes out swinging
|
Batting: RHB Sergio Márquez
|
0-0: Called Strike 0-1: Swinging Strike 0-2: Foul Ball, location: 2F 0-2: DOUBLE (Line Drive, 7LM)
|
Batting: LHB Miguel Rivería
|
0-0: SINGLE (Line Drive, 9S) Sergio Márquez to third
|
Batting: SHB Jorge Flores
|
0-0: Ball 1-0: Ball 2-0: Foul Ball, location: 2F 2-1: Ball 3-1: Foul Ball, location: 2F 3-2: SINGLE (Groundball, 4MD) Sergio Márquez scores Miguel Rivería to second Miguel Rivería to third
|
Batting: SHB Rob Grun
|
0-0: Foul Ball, location: 2F 0-1: Swinging Strike 0-2: DOUBLE (Line Drive, 89XD) Miguel Rivería scores Jorge Flores to third Runner from 3rd tries for Home, SAFE, no throw
|
Saturday, April 7th, 2018 - OOTP Baseball 18.8 Build 76
|
|